 Dungeon Crawl Stone Soup version 0.31-a0-188-g5e087ee2ca (webtiles) character file.

Game seed: 1710652784028149218

86 qw the Shooter (level 4, -3/25 HPs)
             Began as a Deep Elf Hunter on June 23, 2023.
             Slain by Grinder (4 damage)
             ... on level 6 of the Dungeon.
             The game lasted 00:00:41 (1576 turns).

qw the Shooter (Deep Elf Hunter)                    Turns: 1576, Time: 00:00:41

Health: -3/25      AC:  6    Str: 10    XL:     4   Next: 26%
Magic:  6/6        EV: 11    Int: 14    God:
Gold:   116        SH:  0    Dex: 18    Spells: 3/3 levels left

rFire   . . .        Y - +0 shortbow
rCold   . . .        (shield currently unavailable)
rNeg    . . .        i - +0 ring mail
rPois   .            k - +0 helmet
rElec   .            (no cloak)
rCorr   .            (no gloves)
SInv    .            (no boots)
Will    .....        e - amulet of regeneration
Stlth   +            (no ring)
HPRegen 1.04/turn    (no ring)
MPRegen 0.10/turn

%: no passive effects
@: no status effects
A: no striking features
a: no special abilities


You were on level 6 of the Dungeon.
You visited 1 branch of the dungeon, and saw 4 of its levels.

You collected 116 gold pieces.


   Skills:
 - Level 1.5 Fighting
 + Level 7.7 Ranged Weapons
 - Level 2.4 Dodging
 - Level 1.2 Stealth


You had 3 spell levels left.
You didn't know any spells.
Your spell library was empty.

Inventory:

Hand Weapons
 Y - a +0 shortbow (weapon)
Armour
 i - a +0 ring mail (worn)
 k - a +0 helmet (worn)
Jewellery
 e - an amulet of regeneration (around neck)
Potions
 j - a potion of resistance {unknown}

Dungeon Overview and Level Annotations

Branches:
Dungeon (3/15)

Altars:

Annotations:
D:6 Grinder


Message History

You kill the kobold!
You hear a distant slurping noise.
Grinder comes into view.
Grinder gestures at you.
You suddenly lose the ability to move!
Grinder blinks!
You can move again.
You shoot an arrow. The arrow closely misses Grinder.
You shoot an arrow. The arrow hits Grinder!
Grinder is lightly wounded.
Grinder hits you but does no damage.
You shoot an arrow. The arrow hits Grinder!
Grinder is moderately wounded.
Grinder barely misses you. Grinder hits you.
You writhe in agony.
You shoot an arrow. The arrow barely misses Grinder.
Grinder hits you but does no damage.
You shoot an arrow. The arrow hits Grinder.
Grinder is heavily wounded.
Grinder blinks!
You shoot an arrow. The arrow hits Grinder.
Grinder is heavily wounded.
You hear a distant slurping noise.
Grinder gestures at you. Pain shoots through your body!
Ouch! That really hurt!
You shoot an arrow. The arrow closely misses Grinder.
You shoot an arrow.
The arrow hits Grinder but does no damage.
Grinder is heavily wounded.
Grinder gestures at you. Pain shoots through your body!
You shoot an arrow. The arrow barely misses Grinder.
You shoot an arrow. The arrow hits Grinder!
Grinder is severely wounded.
You shoot an arrow. The arrow barely misses Grinder.
Grinder closely misses you.
You shoot an arrow. The arrow hits Grinder!
Grinder is almost dead.
Grinder hits you.
You writhe in agony.
You die...

#### ..
##..# ...
#...# ....
#...##....
###.........
#...........
#.@.......
##5.##....
##..# .
#...# #...#
#
##..######.#
##..##.....#
#..........+
#..........#


You could see Grinder.

Vanquished Creatures
  An adder (D:2)
  A shadow imp (D:3)
  A worm (D:2)
  A dart slug (D:1)
  4 ball pythons
  6 endoplasms
  A giant cockroach (D:2)
  8 goblins
  3 hobgoblins
  5 jackals (D:1)
  5 quokkas
  7 bats
  3 frilled lizards
  5 kobolds
  7 rats
58 creatures vanquished.

Notes
Turn   | Place    | Note
-------+----------+-------------------------------------------
     0 | D:1      | qw the Deep Elf Hunter began the quest for the Orb.
     0 | D:1      | Reached XP level 1. HP: 12/12 MP: 3/3
     0 | D:1      | 0 ||| qw: Version: 0.3-a-9-g12657ce
     0 | D:1      | 0 ||| qw: Game counter: 4291
     0 | D:1      | 0 ||| qw: Always use a shield: true
     0 | D:1      | 0 ||| qw: God list: Okawaru
     0 | D:1      | 0 ||| qw: Allow faded altars: false
     0 | D:1      | 0 ||| qw: Do Orc after D:15 true
     0 | D:1      | 0 ||| qw: Do second Lair branch before Depths: true
     0 | D:1      | 0 ||| qw: Lair rune preference: random
     0 | D:1      | 0 ||| qw: Plans: Normal
     0 | D:1      | 0 ||| PLANNING D:1-11
   135 | D:1      | Reached skill level 6 in Ranged Weapons
   135 | D:1      | Reached XP level 2. HP: 16/16 MP: 4/4
   451 | D:1      | Reached XP level 3. HP: 20/20 MP: 5/5
   777 | D:1      | 777 ||| UPGRADING to +0 ring mail.
   787 | D:1      | 787 ||| DROPPING +0 leather armour.
   788 | D:1      | 788 ||| UPGRADING to +0 helmet.
   793 | D:1      | 793 ||| UPGRADING to amulet of regeneration.
   798 | D:1      | 798 ||| READING 2 scrolls labelled VAXYPLISEU.
   799 | D:1      | 799 ||| READING scroll labelled ISU DIGITINUAL.
   800 | D:1      | 800 ||| READING scroll labelled WODILI HAYKKUTOVO.
   801 | D:1      | 801 ||| READING scroll labelled UPLEPU DIGRA.
   802 | D:1      | 802 ||| DROPPING scroll of fog.
   803 | D:1      | 803 ||| DROPPING scroll of butterflies.
  1105 | D:2      | Reached skill level 7 in Ranged Weapons
  1354 | D:2      | 1354 ||| READING scroll labelled GALUSSUJAI.
  1355 | D:2      | 1355 ||| READING scroll labelled OSTOAC PEW ESHRU.
  1406 | D:3      | Reached XP level 4. HP: 25/25 MP: 6/6
  1546 | D:3      | You fall into a shaft and drop 3 floors!
  1560 | D:6      | Noticed Grinder
  1560 | D:6      | Paralysed by Grinder for 5 turns
  1572 | D:6      | HP: 1/25 [Grinder/nerve-wracking pain (10)]
  1576 | D:6      | Slain by Grinder

Levels and vault maps discovered:
D:1:      co_arrival_random_square_maze, layout_basic, minmay_door_square
D:2:      layout_loops_cross
D:3:      layout_basic, hellmonk_ecumenical_altar_arch_garden, st_stairs_9
D:6:      minmay_goblin_kobold_castle, layout_gridville, tgw_sif,
          minmay_temple_entry_ruins, serial_shops,
          nicolae_shop_advertising_works [nicolae_subvault_shop_adworks],
          nrook_mini_vaults, uniq_duvessa, uniq_grinder

Skill      XL: |  1  2  3 |
---------------+----------+-----
Ranged Weapons | 6 7 |  7.7
Fighting       | |  1.5
Dodging        | |  2.4
Stealth        | |  1.2

Action                     |  1- 3 |  4- 6 || total
---------------------------+-------+-------++-------
   Fire: Shortbow          |   131 |    28 ||   159
    Use: Scroll            |     6 |       ||     6
 Armour: Leather armour    |    10 |       ||    10
         Ring mail         |     5 |     9 ||    14
  Dodge: Dodged            |    27 |     7 ||    34

Table legend:
 A = Non-vault XP
 B = Vault XP
 C = Vault XP percentage of total XP
 D = Non-vault monster count
 E = Vault monster count
 F = Vault count percentage of total count
                 A         B        C        D         E       F
            +---------+---------+-------+---------+---------+-------
      Total |     114 |       9 |   7.3 |      53 |       5 |   8.6
            +---------+---------+-------+---------+---------+-------
        D:1 |      53 |       0 |   0.0 |      31 |       0 |   0.0
        D:2 |      40 |       0 |   0.0 |      15 |       0 |   0.0
        D:3 |      21 |       5 |  19.2 |       7 |       3 |  30.0
        D:6 |       0 |       4 | 100.0 |       0 |       2 | 100.0
            +---------+---------+-------+---------+---------+-------
